Map: Abyssal Reef LE

Players

WayTeh

  • Race: Protoss Protoss
  • League: Gold
  • Spawn Location: 11:00

A.I. 1 (Very Easy) - Winner!

  • Race: Terran Terran
  • Spawn Location: 5:00

VOD

Have the link to the VOD?

Description

Time

  • Played on: June 13, 2017, 10:40 a.m.
  • Length: 6:59
Show
View Real Time Build Order
Export as new Build Order

WayTeh Protoss 

Build Orders: 1 Gate Expand, Zealot Archon, Dark Templar Rush 

Get SALT Encoding   

  12  0:01  Probe (Chrono Boost)  
  13  0:11  Probe (Chrono Boost)  
  14  0:18  Pylon  
  14  0:22  Probe (Chrono Boost)  
  15  0:36  Probe (Chrono Boost), Gateway  
  15  0:41  Assimilator  
  16  0:47  Probe (Chrono Boost)  
  17  0:57  Probe (Chrono Boost)  
  18  1:08  Probe (Chrono Boost)  
  19  1:20  Nexus  
  19  1:30  Cybernetics Core  
  20  1:33  Probe (Chrono Boost)  
  20  1:38  Assimilator  
  20  1:43  Probe (Chrono Boost)  
  21  1:52  Pylon  
  21  1:54  Probe (Chrono Boost)  
  22  2:09  Warp Gate  
  22  2:10  Adept, Mothership Core (Chrono Boost)  
  26  2:29  Probe (Chrono Boost)  
  27  2:30  Twilight Council  
  27  2:33  Probe (Chrono Boost)  
  28  2:39  Probe (Chrono Boost)  
  28  2:43  Probe (Chrono Boost)  
  30  2:50  Probe (Chrono Boost), Robotics Facility  
  31  2:54  Probe (Chrono Boost)  
  32  3:00  Probe (Chrono Boost)  
  32  3:04  Probe (Chrono Boost)  
  34  3:11  Probe (Chrono Boost)  
  35  3:14  Dark Shrine  
  35  3:15  Probe (Chrono Boost)  
  35  3:18  Gateway  
  36  3:22  Gateway  
  36  3:24  Probe (Chrono Boost)  
  37  3:28  Assimilator  
  37  3:31  Probe (Chrono Boost)  
  38  3:34  Warp Prism  
  41  3:42  Probe (Chrono Boost)  
  41  3:43  Probe (Chrono Boost)  
  42  3:52  Pylon  
  42  3:54  Probe (Chrono Boost)  
  44  3:55  Probe (Chrono Boost)  
  44  4:01  Assimilator  
  44  4:05  Probe (Chrono Boost)  
  44  4:08  Probe (Chrono Boost), Observer  
  46  4:12  Pylon  
  46  4:15  Probe (Chrono Boost), Pylon  
  48  4:20  Probe (Chrono Boost)  
  49  4:27  Dark Templar x2  
  49  4:30  Dark Templar  
  55  4:32  Immortal  
  55  4:36  Probe (Chrono Boost)  
  55  4:37  Probe (Chrono Boost)  
  61  4:42  Charge  
  61  4:46  Probe (Chrono Boost)  
  61  4:48  Pylon  
  62  5:04  Gateway x2  
  62  5:06  Immortal, Gateway  
  66  5:25  Zealot x3  
  72  5:29  Gateway  
  72  5:30  Gateway  
  72  5:46  Dark Templar x3  
  78  6:06  Pylon x2  
  78  6:08  Pylon x2  
  78  6:18  Archon x3  
  78  6:25  Zealot x6  
  88  6:28  Zealot x2  
  94  6:46  Zealot x6  
  106  6:50  Zealot x2  
Show
View Real Time Build Order
Export as new Build Order

A.I. 1 (Very Easy) Terran - Winner!

Build Orders:  

Get SALT Encoding   

  12  0:00  SCV  
  13  0:13  SCV  
  14  0:19  Supply Depot  
  14  0:36  Refinery  
  14  0:42  Barracks  
  14  1:06  Supply Depot  
  14  1:13  Refinery  
  14  1:29  Marine  
  14  1:31  SCV  
  16  1:43  SCV  
  17  1:55  SCV  
  17  1:59  Marine  
  19  2:07  SCV  
  20  2:19  SCV  
  21  2:29  Marine  
  22  2:31  SCV  
  23  2:44  Orbital Command  
  23  4:55  Marine  
  21  5:01  SCV  
  12  5:13  SCV  
  2  5:25  SCV, Marine  
  4  5:37  SCV  
  4  5:40  Factory  
  5  5:49  SCV  
  6  5:57  Marine  
  6  6:01  SCV  
  8  6:13  SCV  
  10  6:25  SCV  
  10  6:27  Starport  
  10  6:28  Marine  
  11  6:37  SCV  
Tags
 
Add a new tag
Caveats
  • Supply blocks, unpowered buildings, or Contaminate may cause inaccurate times.
  • Supply counts are checked every 10 seconds.